 Dungeon Crawl Stone Soup version 0.30-a0-632-g346586fe48 (webtiles) character file.

Game seed: 13939667233901732055

721 ragingrage the Gusty (level 7, 0/36 HPs)
             Began as a Tengu Air Elementalist on Jan 13, 2023.
             Killed from afar by Ijyb (27 damage)
             ... with a bolt of dispelling energy
             ... on level 5 of the Dungeon.
             The game lasted 00:04:26 (5111 turns).

ragingrage the Gusty (Tengu Air Elementalist)       Turns: 5111, Time: 00:04:26

Health: 0/36       AC:  3    Str:  8      XL:     7   Next: 70%
Magic:  6/12       EV: 15    Int: 17      God:
Gold:   251        SH:  0    Dex: 14 (15) Spells: 3/12 levels left

rFire   + . .      SeeInvis .    a - staff of conjuration
rCold   . . .      Faith    .    (no shield)
rNeg    . . .      Spirit   .    i - +0 robe
rPois   .          Reflect  .    (helmet restricted)
rElec   .          Harm     .    g - +0 cloak
rCorr   .          Rampage  .    (no gloves)
Will    .....                    (boots unavailable)
Stlth   +++                      (no amulet)
HPRegen 0.26/turn                w - ring of protection from fire
MPRegen 0.13/turn                (no ring)

@: flying quickly and evasively, very slightly contaminated, quick
A: beak, talons 3, nimble flight
a: no special abilities


You were on level 5 of the Dungeon.
You visited 1 branch of the dungeon, and saw 5 of its levels.
You also visited: Ossuary.

You collected 281 gold pieces.
You spent 30 gold pieces at shops.

Inventory:

Hand Weapons
 b - a +1 vampiric dagger
 q - a +0 sling
Missiles
 s - 6 poisoned darts
Armour
 g - a +0 cloak (worn)
 i - a +0 robe (worn)
Magical Staves
 a - a staff of conjuration (weapon)
Jewellery
 t - a ring of fire
 w - a ring of protection from fire (left hand)
Wands
 l - a wand of flame (22)
Scrolls
 c - a scroll of fog {unknown}
 d - 2 scrolls of noise {unknown}
 h - a scroll of enchant weapon {unknown}
 j - 5 scrolls of identify {unknown}
 k - 3 scrolls of immolation {unknown}
 n - a scroll of brand weapon {unknown}
 p - a scroll of enchant armour {unknown}
 r - a scroll of poison {unknown}
 u - 4 scrolls of teleportation {unknown}
 v - a scroll of silence {unknown}
 x - a scroll of acquirement {unknown}
Potions
 e - a potion of flight {unknown}
 f - a potion of haste
 o - a potion of curing


   Skills:
 - Level 2.3 Dodging
 - Level 5.0 Stealth
 + Level 3.1 Spellcasting
 + Level 6.0 Conjurations
 + Level 7.2 Air Magic


You had 3 spell levels left.
You knew the following spells:

 Your Spells              Type           Power      Damage    Failure   Level
a - Shock                 Conj/Air       100%       1d9       1%          1
b - Static Discharge      Conj/Air       74%        2-6/arc   1%          2
c - Swiftness             Air            27%        N/A       2%          3
d - Mephitic Cloud        Conj/Pois/Air  26%        N/A       9%          3

Your spell library contained the following spells:

 Spells                   Type           Power      Damage    Failure   Level
 Poisonous Vapours        Pois/Air       28%        N/A       6%          2
 Cigotuvi's Dreadful Rot  Necr/Pois/Air  20%        N/A       10%         2
 Airstrike                Air            13%        2d(2-18)  9%          4


Dungeon Overview and Level Annotations

Branches:
Dungeon (5/15)            Ossuary (visited)
 Temple: D:4-7

Altars:
Dithmenos
Trog

Shops:
D:1 *

Portals:
Abyss: D:5

Annotations:
D:3 Sigmund
D:4 2 runed translucent doors, Hubris850's ghost, novice SpWr
D:5 1 transporter, Ijyb; mccafe's ghost, amateur DsNe


Innate Abilities, Weirdness & Mutations

You have a beak for a mouth.
You have claws for feet.
Your magical nature lets you fly swiftly and evasively.


Message History

There is a stone staircase leading up, spattered with blood here.
Found a transporter.
Found a one-way gate to the infinite horrors of the Abyss.
A white imp comes into view.
You feel a surge of power!
The zap hits the white imp but does no damage.
The white imp shouts, "Get thee gone, thou pottle-deep frail-limbed death-token!"
You feel a surge of power!
You miscast Shock.
You are very lightly contaminated with residual magic.
Nothing appears to happen.
You feel a surge of power!
The zap hits the white imp!
The white imp is heavily wounded.
You feel a surge of power!
The zap misses the white imp.
The zap hits Ijyb.
Ijyb is moderately wounded.
The white imp gestures at you. The puff of frost hits you!
You are too injured to fight recklessly!
You are too injured to fight recklessly!
Aiming: Shock (safe; 1% risk of failure)
Press: ? - help, Q - select action, (/) - cycle Shift-Dir - straight line, f/p - white imp
Aim: a white imp (heavily wounded, 74% to hit)
You feel a surge of power!
The zap hits the white imp.
You kill the white imp!
The zap hits Ijyb but does no damage.
Ijyb is moderately wounded.
Aiming: Shock (safe; 1% risk of failure)
Press: ? - help, Q - select action, (/) - cycle Shift-Dir - straight line, f - Ijyb
Aim: Ijyb, wielding a +0 club, wearing a +0 chain mail and carrying a wand of quicksilver (7) (moderately wounded, 74% to hit)
You feel a surge of power!
The zap hits Ijyb but does no damage.
Ijyb is moderately wounded.
Ijyb screams, "No!
No, no, no, no!"
Aiming: Shock (safe; 1% risk of failure)
Press: ? - help, Q - select action, (/) - cycle Shift-Dir - straight line, f/p - Ijyb
Aim: Ijyb, wielding a +0 club, wearing a +0 chain mail and carrying a wand of quicksilver (7) (moderately wounded, 74% to hit)
You feel a surge of power!
The zap hits Ijyb.
Ijyb is moderately wounded.
Ijyb zaps a wand.
The bolt of dispelling energy hits you!!
Ouch! That really hurt!
You die...

...#.# .........##.PP♣..#
...#............ #....#.#
#....##5........####..###.#
#..... .........#...##...#
#..... .................#
..g.... ...............##
....... . #g..........#
........ ##....###...#
#.###@.##©#...#
#..#..##.#...#
#.##..##.##..#
###...##..#... #....##W#.
...# ##.### . # ### ...
#.#.


You could see Ijyb.

Vanquished Creatures
  An ogre (D:4)
  2 necrophages (D:4)
  A scorpion (D:5)
  A water moccasin zombie (Ossuary)
  A howler monkey (D:4)
  A quasit (D:5)
  2 hounds (D:4)
  A jelly (D:5)
  An orc wizard (D:4)
  A mummy (D:4)
  An adder (D:4)
  4 gnolls (D:5)
  5 shadow imps (D:5)
  2 white imps (D:5)
  An ufetubus (D:5)
  An adder zombie (Ossuary)
  3 dart slugs
  11 orcs
  7 ball pythons
  5 bats
  3 endoplasms
  4 giant cockroaches
  2 gnoll zombies (Ossuary)
  3 goblins
  10 hobgoblins
  3 jackals (D:2)
  7 kobolds
  5 quokkas
  4 frilled lizards
  2 kobold zombies
  2 orc zombies
  6 rats
103 creatures vanquished.

Vanquished Creatures (others)
  A demonic plant (D:5)
1 creature vanquished.

Grand Total: 104 creatures vanquished

Notes
Turn   | Place    | Note
-------+----------+-------------------------------------------
     0 | D:1      | ragingrage the Tengu Air Elementalist began the quest for
                  | the Orb.
     0 | D:1      | Reached XP level 1. HP: 10/10 MP: 4/4
   243 | D:1      | Reached XP level 2. HP: 15/15 MP: 3/6
   663 | D:1      | Found Zissiacs's Assorted Antiques.
   677 | D:1      | Bought a fizzy silvery potion for 15 gold pieces
   677 | D:1      | Bought a viscous cyan potion for 15 gold pieces
  1131 | D:1      | Learned a level 2 spell: Static Discharge
  1234 | D:2      | Reached XP level 3. HP: 17/19 MP: 3/7
  2557 | D:3      | Reached XP level 4. HP: 24/24 MP: 4/8
  2622 | D:3      | Noticed Sigmund
  2640 | D:4      | Found a shadowy altar of Dithmenos.
  2651 | D:4      | Reached skill level 5 in Air Magic
  2855 | D:4      | Found a sand-covered staircase.
  2941 | Ossuary  | Entered an ossuary
  2949 | Ossuary  | Gained mutation: Your magical nature lets you fly swiftly
                  | and evasively. [Tengu growth]
  2949 | Ossuary  | Reached XP level 5. HP: 28/28 MP: 4/9
  3015 | Ossuary  | HP: 1/28 [water moccasin zombie (2)]
  3379 | D:4      | Noticed an ogre
  3386 | D:4      | Killed an ogre
  3387 | D:4      | Reached XP level 6. HP: 32/32 MP: 4/10
  3412 | D:4      | Reached skill level 6 in Air Magic
  3458 | D:4      | Found a runed translucent door.
  3567 | D:4      | Noticed Hubris850's ghost (novice SpWr)
  3822 | D:4      | Learned a level 3 spell: Swiftness
  3826 | D:4      | Learned a level 3 spell: Mephitic Cloud
  3934 | D:4      | Reached skill level 5 in Conjurations
  4037 | D:4      | Reached XP level 7. HP: 34/36 MP: 2/11
  4169 | D:4      | Found a runed translucent door.
  4283 | D:5      | Entered Level 5 of the Dungeon
  4616 | D:5      | Found a bloodstained altar of Trog.
  4655 | D:5      | Reached skill level 5 in Stealth
  4747 | D:5      | Reached skill level 7 in Air Magic
  5002 | D:5      | Noticed Ijyb
  5085 | D:5      | Found a transporter.
  5090 | D:5      | Found a one-way gate to the infinite horrors of the Abyss.
  5090 | D:5      | Noticed mccafe's ghost (amateur DsNe)
  5099 | D:5      | Noticed a small abomination
  5111 | D:5      | Killed from afar by Ijyb

Illustrated notes

Levels and vault maps discovered:
D:1:      dpeg_arrival_tiny_f, layout_loops_corners, serial_shops,
          nicolae_shop_stone
D:2:      layout_basic
D:3:      layout_basic, kennysheep_generic_room_11, uniq_sigmund
D:4:      layout_basic, grunt_dithmenos_smoke_and_mirrors,
          ebering_ghost_sewer_f, nicolae_ossuary_entry_giza
D:5:      layout_rooms, mainiacjoe_overflow_concentric_impassable,
          minmay_temple_entry_poolview, gammafunk_ghost_abyssal_escape,
          serial_demonic, serial_demonic_b, serial_demonic_g, serial_demonic_f,
          serial_demonic_d, serial_demonic_a, kennysheep_generic_room_2,
          uniq_ijyb

Skill      XL: |  1  2  3  4  5  6  7 |
---------------+----------------------+-----
Conjurations   | 2 3 4 5 6 |  6.0
Stealth        | 3 4 5 |  5.0
Air Magic      | 5 6 7 |  7.2
Spellcasting   | 3 |  3.1
Dodging        | |  2.3

Action                   |  1- 3 |  4- 6 |  7- 9 || total
-------------------------+-------+-------+-------++-------
Melee: Unarmed           |     5 |       |       ||     5
       Kick              |     3 |     1 |     2 ||     6
       Dagger            |     4 |       |     4 ||     8
       Staff             |       |     2 |     1 ||     3
       Peck              |       |       |     1 ||     1
 Cast: Shock             |    87 |    81 |    73 ||   241
       Static Discharge  |       |     1 |       ||     1
Evoke: Wand              |       |     2 |       ||     2
  Use: Potion            |       |     8 |       ||     8
 Stab: Sleeping          |     1 |       |       ||     1
Armor: Robe              |     2 |     3 |    10 ||    15
Dodge: Dodged            |    16 |    13 |    41 ||    70

Table legend: (Time is in decaauts)
 A = Elapsed time spent in this place.
 B = Non-inter-level travel time spent in this place.
 C = Inter-level travel time spent in this place.
 D = Time resting spent in this place.
 E = Time spent auto-exploring this place.
 F = Levels seen in this place.
 G = Mean time per level.
                   A        B        C        D        E       F      G
               +--------+--------+--------+--------+--------+-----+--------+
         Total |   5000 |   4753 |    247 |    490 |   3597 |   6 |  833.3 |
       Dungeon |   4923 |   4676 |    247 |    490 |   3549 |   5 |  984.6 |
       Ossuary |     76 |     76 |      0 |      0 |     48 |   1 |   76.0 |
               +--------+--------+--------+--------+--------+-----+--------+

Top non-repeatable levels by time:
     D:4: 1503 daAuts
     D:1: 1164 daAuts
     D:2: 1059 daAuts
     D:5: 671 daAuts
     D:3: 524 daAuts
 Ossuary: 76 daAuts
